 Dungeon Crawl Stone Soup version 0.20-a0-1078-g4874019 (webtiles) character file.

3876 edearth the Cleaver (level 10, -1/84 HPs)
             Began as a Minotaur Skald on Apr 30, 2017.
             Was a Follower of Wu Jian.
             Slain by a spriggan baker
             ... wielding a +0 dagger
              (6 damage)
             ... on level 7 of the Dungeon.
             The game lasted 00:37:13 (10582 turns).

edearth the Cleaver (Minotaur Skald)               Turns: 10582, Time: 00:37:14

Health: -1/84      AC:  9    Str: 15    XL:     10   Next: 0%
Magic:  15/15      EV: 11    Int: 13    God:    Wu Jian [*.....]
Gold:   378        SH:  0    Dex: 11    Spells: 11/17 levels left

rFire    . . .     SeeInvis .   a - +0 hand axe
rCold    . . .     Gourm    +   (no shield)
rNeg     . . .     Faith    .   G - +0 ring mail of Grace {rPois MR+}
rPois    +         Spirit   .   (helmet restricted)
rElec    .         Reflect  .   e - +0 cloak
rCorr    .         Harm     .   K - +0 pair of gloves
MR       +....                  (no boots)
Stlth    ..........             u - amulet of the gourmand (curse)
Regen    0.3/turn               M - ring of loudness (curse)
MPRegen  0.2/turn               (no ring)

@: no status effects
A: retaliatory headbutt, horns 2
a: Renounce Religion


You were on level 7 of the Dungeon.
You worshipped Wu Jian.
Wu Jian was aware of your devotion.
You were completely stuffed.

You visited 2 branches of the dungeon, and saw 8 of its levels.
You also visited: Sewer and Ossuary.

You collected 378 gold pieces.

Inventory:

Hand Weapons
 a - a +0 hand axe (weapon)
 w - a +3 hand crossbow
 R - a +1 shortbow of velocity
Missiles
 r - 5 javelins (quivered)
 x - 14 bolts
 S - 14 arrows
Armour
 b - a +0 leather armour
 e - a +0 cloak (worn)
 m - a +0 ring mail
 G - the +0 ring mail of Grace (worn) {rPois MR+}
   (You found it on level 5 of the Dungeon)

   It protects you from poison.
   It affects your resistance to hostile enchantments.
 K - a +0 pair of gloves (worn)
Jewellery
 u - a cursed amulet of the gourmand (around neck)
 M - a cursed ring of loudness (left hand)
Wands
 y - a wand of flame (25/48)
 I - a wand of polymorph (0/24)
 L - a wand of lightning (7/15)
 N - a wand of polymorph (6/24)
 T - a wand of lightning (2/15)
Scrolls
 f - 2 scrolls of recharging {unknown}
 i - 7 scrolls of remove curse {unknown}
 j - 5 scrolls of amnesia {unknown}
 k - 3 scrolls of immolation {unknown}
 l - 5 scrolls of teleportation {unknown}
 o - 3 scrolls of blinking {unknown}
 p - 4 scrolls of identify
 q - a scroll of fear {unknown}
 s - 2 scrolls of magic mapping {unknown}
 C - a scroll of random uselessness {unknown}
 D - 3 scrolls of enchant weapon {unknown}
Potions
 g - 3 potions of heal wounds
 n - 4 potions of curing
 t - a potion of magic {unknown}
 v - 2 potions of brilliance {unknown}
 z - a potion of degeneration {unknown}
 A - 2 potions of haste {unknown}
 B - a potion of resistance {unknown}
 E - 3 potions of flight {unknown}
 F - 2 potions of might {unknown}
Books
 c - a book of Battle

   Spells                             Type                      Level
   a - Infusion                       Charms                       1
   b - Shroud of Golubria             Charms/Translocation         2
   c - Song of Slaying                Charms                       2
   d - Spectral Weapon                Hexes/Charms                 3
   e - Regeneration                   Charms/Necromancy            3
 H - a book of Callings

   Spells                             Type                      Level
   a - Summon Small Mammal            Summoning                    1
   b - Call Imp                       Summoning                    2
   c - Call Canine Familiar           Summoning                    3
   d - Summon Guardian Golem          Hexes/Summoning              3
   e - Summon Lightning Spire         Summoning/Air                4
   f - Summon Ice Beast               Ice/Summoning                4
 O - a book of Necromancy

   Spells                             Type                      Level
   a - Pain                           Necromancy                   1
   b - Animate Skeleton               Necromancy                   1
   c - Vampiric Draining              Necromancy                   3
   d - Regeneration                   Charms/Necromancy            3
   e - Animate Dead                   Necromancy                   4
   f - Control Undead                 Necromancy                   4
 Q - a book of Misfortune

   Spells                             Type                      Level
   a - Confusing Touch                Hexes                        1
   b - Confuse                        Hexes                        3
   c - Gell's Gravitas                Translocation                3
   d - Petrify                        Transmutation/Earth          4
   e - Metabolic Englaciation         Hexes/Ice                    5
   f - Yara's Violent Unravelling     Hexes/Transmutation          5
Comestibles
 d - a bread ration
 h - 3 meat rations
 J - 2 royal jellies
 P - 3 chunks of flesh


   Skills:
 + Level 6.5 Fighting
 + Level 9.3 Axes
 * Level 8.5 Armour
 - Level 2.1 Dodging
 * Level 4.2 Spellcasting
 * Level 4.7 Charms
 + Level 0.2 Necromancy
 - Level 0.5 Translocations


You had 11 spell levels left.
You knew the following spells:

 Your Spells              Type           Power        Failure   Level  Hunger
a - Infusion              Chrm           ###.         4%          1    None
b - Shroud of Golubria    Chrm/Tloc      #.........   19%         2    ##.....
c - Regeneration          Chrm/Necr      #.........   36%         3    ###....


Dungeon Overview and Level Annotations

Branches:
Dungeon (7/15)             Temple (1/1) D:6

Altars:
Ashenzari
Cheibriados
Dithmenos
Elyvilon
Fedhas
Gozag
Hepliaklqana
Kikubaaqudgha
Makhleb
Nemelex Xobeh
Okawaru
Qazlal
Ru
Sif Muna
Trog
Uskayaw
Vehumet
Wu Jian
Xom
Yredelemnul
Zin
The Shining One


Innate Abilities, Weirdness & Mutations

You reflexively headbutt those who attack you in melee.
You have a pair of horns on your head.


Message History

Your headbutt misses the spriggan baker.
The spriggan baker is heavily wounded.
You closely miss the spriggan baker.
The spriggan baker is heavily wounded.
The spriggan baker hits you with a dagger.
* * * LOW HITPOINT WARNING * * *
The spriggan baker hits you with a dagger!
* * * LOW HITPOINT WARNING * * *
You spin and attack the spriggan baker.
You miss the spriggan baker. You headbutt the spriggan baker.
The spriggan baker is severely wounded.
The spriggan baker hits you but does no damage.
You hit the spriggan baker.
The spriggan baker is almost dead.
The spriggan baker hits you with a dagger.
* * * LOW HITPOINT WARNING * * *
You miss the spriggan baker.
The spriggan baker is almost dead.
The spriggan baker hits you with a dagger.
You die...

# # #### ...### ##...#
####.###########
##.......#%..'.#########
#.#######%#.#.i@.......
#.# # ###.####.## ##.#
##.####+### ...#
#..##...... .#.#
##.##..... ..# ...##
#[..#...# ..# .#..#
#.#.#..# ..+ ....##
#.#.'..## #..# .....##
#.###...##...#


You could see a spriggan baker.

Vanquished Creatures
  Sigmund (D:5)
  Eustachio (D:6)
  A hungry ghost (D:6)
  Menkaure (Ossuary)
  A water moccasin (D:7)
  3 sky beasts
  A black bear (D:7)
  2 ogres
  2 phantoms (D:5)
  2 centaurs
  2 ice beasts (D:6)
  7 big kobolds (Sewer)
  An elf zombie (Ossuary)
  2 bullfrogs (D:6)
  A scorpion (D:7)
  6 killer bees
  A howler monkey (D:6)
  2 crimson imps
  3 centaur zombies (Ossuary)
  6 orc priests
  2 bullfrog zombies (D:5)
  2 bullfrog skeletons (D:7)
  2 hounds (D:5)
  A jelly (D:5)
  3 orc wizards (D:6)
  A human zombie (Ossuary)
  Ijyb (D:5)
  2 worker ants (D:4)
  2 ogre zombies (Ossuary)
  A big kobold zombie (Ossuary)
  6 mummies (Ossuary)
  3 gnolls (D:6)
  2 river rats (Sewer)
  12 adders
  A shadow imp (D:6)
  3 oozes
  An adder skeleton (D:4)
  6 adder zombies
  4 worms
  A dart slug (D:3)
  3 leopard geckos
  12 orcs
  5 giant cockroaches
  A gnoll zombie (Ossuary)
  3 goblins
  3 hobgoblins
  5 jackals
  2 quokkas
  8 ball pythons
  5 bats
  5 frilled lizards
  3 goblin zombies (Ossuary)
  7 hobgoblin zombies (Ossuary)
  4 kobolds
  2 kobold zombies (Ossuary)
  A leopard gecko skeleton (D:5)
  An orc zombie (Ossuary)
  3 quokka zombies
  7 rats
  2 rat zombies (Ossuary)
184 creatures vanquished.

Notes
Turn   | Place    | Note
-------+----------+-------------------------------------------
     0 | D:1      | edearth the Minotaur Skald began the quest for the Orb.
     0 | D:1      | Reached XP level 1. HP: 18/18 MP: 1/1
   488 | D:1      | Reached XP level 2. HP: 25/25 MP: 3/3
   624 | D:2      | Learned a level 2 spell: Shroud of Golubria
   874 | D:3      | Found a shattered altar of Ashenzari.
  1032 | D:3      | Reached XP level 3. HP: 29/30 MP: 4/4
  1100 | D:3      | Found a glowing drain.
  1196 | Sewer    | Entered a sewer
  1303 | Sewer    | Noticed a big kobold
  1325 | Sewer    | Killed a big kobold
  1325 | Sewer    | Reached XP level 4. HP: 19/37 MP: 1/6
  1571 | Sewer    | Noticed a big kobold
  1581 | Sewer    | Reached XP level 5. HP: 31/45 MP: 4/7
  1607 | Sewer    | Reached skill level 3 in Axes
  1859 | Sewer    | Reached XP level 6. HP: 34/51 MP: 8/8
  2452 | Sewer    | Reached skill level 4 in Axes
  2528 | Sewer    | Reached XP level 7. HP: 35/58 MP: 9/9
  2711 | Sewer    | Reached skill level 5 in Armour
  3631 | D:4      | Reached skill level 5 in Axes
  3743 | D:4      | Found a sand-covered staircase.
  3748 | Ossuary  | Entered an ossuary
  4610 | Ossuary  | Reached XP level 8. HP: 59/67 MP: 11/11
  4799 | Ossuary  | Reached skill level 6 in Axes
  4820 | Ossuary  | Noticed Menkaure
  4860 | Ossuary  | Killed Menkaure
  4864 | Ossuary  | Reached skill level 5 in Fighting
  5741 | D:4      | Got a smoking chain mail
  5742 | D:4      | Identified the cursed +1 chain mail of the Loofah {rF+} (You found it on level 4 of the Dungeon)
  5772 | D:5      | Entered Level 5 of the Dungeon
  5826 | D:5      | Got a jewelled ring mail
  5827 | D:5      | Identified the +0 ring mail of Grace {rPois MR+} (You found it on level 5 of the Dungeon)
  5928 | D:5      | Noticed Ijyb
  5972 | D:5      | Killed Ijyb
  6064 | D:5      | Reached skill level 7 in Axes
  6424 | D:5      | Found a radiant altar of Vehumet.
  6618 | D:5      | Noticed Sigmund
  6641 | D:5      | Killed Sigmund
  7228 | D:6      | Reached XP level 9. HP: 67/75 MP: 13/13
  7540 | D:6      | Noticed Eustachio
  7569 | D:5      | Learned a level 3 spell: Regeneration
  7608 | D:6      | Killed Eustachio
  7934 | D:6      | Reached skill level 8 in Axes
  7968 | D:6      | Found a staircase to the Ecumenical Temple.
  7983 | Temple   | Entered the Ecumenical Temple
  8144 | Temple   | Became a worshipper of the Wu Jian Council
  9699 | D:7      | Reached skill level 9 in Axes
 10543 | D:7      | Reached * piety under Wu Jian
 10543 | D:7      | Reached XP level 10. HP: 53/84 MP: 15/15
 10582 | D:7      | Slain by a spriggan baker

Vault maps used:
D:1:      ncdulo_wetmaze, hex_large
D:2:      first_bread
D:3:      lemuel_upstairs_altar, cheibrodos_sewer_entry_sluice,
          evilmike_ruin_ashenzari
D:4:      enter_ossuary_2
D:5:      kennysheep_mini, uniq_ijyb, uniq_sigmund
D:6:      minmay_temple_entry_mist, uniq_eustachio
D:7:      serial_glass, glass_columns_a, glass_columns_c, the_bakery,
          minmay_parallelograms, kennysheep_another_room
Temple:   roderic_octagonal_lattice_temple
Sewer:    sewer_co_tree
Ossuary:  ossuary_boxes_badplayer

Skill      XL: |  1  2  3  4  5  6  7  8  9 |
---------------+----------------------------+-----
Armour         | 2 3 4 5 6 8 |  8.5
Spellcasting   | 2 3 4 |  4.2
Fighting       | 3 4 5 6 |  6.5
Axes           | 3 4 5 7 9 |  9.3
Charms         | 3 4 |  4.7
Dodging        | |  2.1
Necromancy     | |  0.2
Translocations | |  0.5

Action                   |  1- 3 |  4- 6 |  7- 9 | 10-12 || total
-------------------------+-------+-------+-------+-------++-------
Melee: Hand axe          |    89 |   124 |   730 |    15 ||   958
       Headbutt          |     9 |    16 |   114 |     1 ||   140
       Unarmed           |       |       |    29 |       ||    29
Throw: Javelin           |       |     4 |       |       ||     4
 Cast: Shroud of Golubri |     3 |     1 |    13 |       ||    17
       Infusion          |     1 |     2 |    16 |       ||    19
       Regeneration      |       |       |     1 |       ||     1
  Use: Potion            |       |     1 |     4 |       ||     5
       Scroll            |       |       |     2 |       ||     2
  Eat: Chunk             |     2 |       |    44 |       ||    46
       Bread ration      |       |     1 |       |       ||     1
       Meat ration       |       |       |     1 |       ||     1
Armor: Leather armour    |    30 |    13 |    53 |       ||    96
       Ring mail         |       |       |   176 |     2 ||   178
Dodge: Dodged            |    74 |    48 |   391 |     1 ||   514
